[Event "*** Titled Tuesday Blitz"]
[Site "Chess.com"]
[Date "2021.04.06"]
[Round "11"]
[White "Klavdia_Nik"]
[Black "BanjoKazooieN64"]
[Result "0-1"]
[WhiteElo "2063"]
[BlackElo "2444"]
[TimeControl "180+1"]
[EndTime "12:05:20 PDT"]
[Termination "BanjoKazooieN64 won by resignation"]

1. Nf3 e6 2. c4 f5 3. b3 Nf6 4. Bb2 Be7 5. g3 O-O 6. Bg2 d6 7. d4 a5 8. Nc3 Ne4 9. O-O Nxc3 10. Bxc3 Bf6 11. Qc2 Nc6 12. e4 fxe4 13. Qxe4 d5 14. Qe2 dxc4 15. Qxc4 Qd5 16. Rad1 a4 17. Ne5 Qxc4 18. bxc4 Nxe5 19. dxe5 Be7 20. Bd4 Bd7 21. Bxb7 Rab8 22. Be4 c5 23. Bc3 Be8 24. Bc2 Bh5 25.
Rd7 Rfe8 26. f3 Kf8 27. Bxa4 Rec8 28. Bb5 Be8 29. Ra7 Bxb5 30. cxb5 Rxb5 31. Rc1 c4 32. Kf2 Bc5+ 33. Ke2 Bxa7 0-1

[Event "*** Titled Tuesday Blitz"]
[Site "Chess.com"]
[Date "2021.04.06"]
[Round "11"]
[White "biostatistician"]
[Black "Ind1anStar"]
[Result "1-0"]
[WhiteElo "2624"]
[BlackElo "2520"]
[TimeControl "180+1"]
[EndTime "12:05:24 PDT"]
[Termination "biostatistician won by resignation"]

1. d4 d5 2. Nf3 Nf6 3. c4 e6 4. Bg5 Be7 5. Nc3 O-O 6. e3 Nbd7 7. Rc1 a6 8. c5 c6 9. b4 h6 10. Bf4 Nh5 11. Bd3 Nxf4 12. exf4 a5 13. a3 axb4 14. axb4 b5 15. O-O Bb7 16. Ra1 Qc7 17. Qd2 Rxa1 18.
Rxa1 Ra8 19. Rxa8+ Bxa8 20. Qa2 Bb7 21. g3 Qb8 22. Ne5 Nxe5 23. fxe5 Qa8 24. Qxa8+ Bxa8 25. f4 f6 26. Bg6 Kf8 27. Kf2 fxe5 28. dxe5 Bb7 29.
Ne2 Bc8 30. Nd4 Bd7 31. Kf3 Bd8 32. h4 Bc7 33. h5 Ke7 34. g4 Kf8 35. Ke3 Ke7 36. Nf3 Be8 37. f5 Bxg6 38. hxg6 Bb8 39. Kf4 Bc7 40. Nd4 exf5 41. gxf5 1-0

[Event "*** Titled Tuesday Blitz"]
[Site "Chess.com"]
[Date "2021.04.06"]
[Round "11"]
[White "PawnEatingZombie"]
[Black "TioCridineno"]
[Result "1-0"]
[WhiteElo "2202"]
[BlackElo "2265"]
[TimeControl "180+1"]
[EndTime "12:05:25 PDT"]
[Termination "PawnEatingZombie won by resignation"]

1. d4 Nf6 2. c4 g6 3. Nc3 Bg7 4. e4 d6 5. Be2 O-O 6. Be3 Na6 7.
Nf3 e5 8. O-O exd4 9. Nxd4 Nc5 10. f3 a5 11. Qd2 c6 12. Rad1 Qc7 13. Rfe1 Re8 14. Bf1 Bd7 15. Kh1 Rad8 16. Qc2 Bc8 17. g4 h5 18. g5 Nfd7 19. Bf4 Ne5 20. Bg3 Ned7 21. Ndb5 cxb5 22. Nxb5 Qb6 23. Rxd6 Ne6 24. Rxb6 Nxb6 25. Nc7 Nd4 26. Qf2 Re7 27. Nd5 Nxd5 28. cxd5 Bd7 29. Rd1 Nb5 30. Bxb5 Bxb5 31. Qb6 Rc8 32.
Qxb5 Rc2 33. d6 1-0

[Event "*** Titled Tuesday Blitz"]
[Site "Chess.com"]
[Date "2021.04.06"]
[Round "11"]
[White "MateusViageiro"]
[Black "Ze-Pequeno"]
[Result "0-1"]
[WhiteElo "2350"]
[BlackElo "2274"]
[TimeControl "180+1"]
[EndTime "12:05:32 PDT"]
[Termination "Ze-Pequeno won by resignation"]

1. e4 c5 2. Nf3 d6 3. d4 cxd4 4. Nxd4 Nf6 5. Nc3 a6 6. f3 e6 7. g4 b5 8. g5 Nfd7 9. Be3 Bb7 10. Qd2 Ne5 11. O-O-O Nbd7 12. h4 Nb6 13. Qg2 b4 14. Nce2 Nec4 15. Bg1 Rc8 16. Kb1 Qc7 17. Nc1 Nxb2 18.
Nxe6 fxe6 19. Bxb6 Qxb6 20. Kxb2 g6 21. Nb3 Bg7+ 22.
Kb1 a5 23. Qe2 O-O 24. h5 a4 25. hxg6 axb3 26. cxb3 Qc5 27. Rxh7 Qe5 28. Rxg7+ Kxg7 29. Bh3 Rxf3 0-1

[Event "*** Titled Tuesday Blitz"]
[Site "Chess.com"]
[Date "2021.04.06"]
[Round "11"]
[White "2008king"]
[Black "dhaessel"]
[Result "1-0"]
[WhiteElo "2186"]
[BlackElo "2070"]
[TimeControl "180+1"]
[EndTime "12:05:32 PDT"]
[Termination "2008king won on time"]

1. e4 e5 2. Nf3 Nc6 3. d4 exd4 4. Nxd4 Bc5 5. Nb3 Bb6 6. Nc3 Nf6 7. Qe2 d6 8. Bg5 h6 9. Bh4 O-O 10. O-O-O Be6 11.
f3 a5 12. a4 Nb4 13. Nd5 Bxd5 14. exd5 g5 15. Bf2 Bxf2 16. Qxf2 Nfxd5 17. c3 c6 18. cxb4 axb4 19. a5 Rxa5 20. Nxa5 Qxa5 21. Bc4 Nf4 22.
g3 d5 23. Bb3 Ne6 24. Kc2 Qc7 25. h4 Qe5 26. hxg5 hxg5 27. Qh2 Rb8 28. Qh7+ Kf8 29.
Qh8+ 1-0

[Event "*** Titled Tuesday Blitz"]
[Site "Chess.com"]
[Date "2021.04.06"]
[Round "11"]
[White "attack2mateU"]
[Black "scandalgod"]
[Result "1/2-1/2"]
[WhiteElo "2691"]
[BlackElo "2583"]
[TimeControl "180+1"]
[EndTime "12:05:38 PDT"]
[Termination "Game drawn by repetition"]

1. e4 e5 2. Nf3 Nc6 3. Bc4 Nf6 4. Ng5 d5 5. exd5 Na5 6. Bb5+ c6 7. dxc6 bxc6 8.
Bd3 Nd5 9. Nf3 Bd6 10. O-O Nf4 11. Nc3 Nxd3 12. cxd3 O-O 13. Ne4 Bc7 14. Qc2 Bg4 15. b4 Bxf3 16. gxf3 f5 17. bxa5 fxe4 18. dxe4 Qg5+ 19.
Kh1 Qh5 20. Rg1 Qxf3+ 21. Rg2 Rad8 22. Qxc6 Qd1+ 23. Rg1 Qf3+ 24. Rg2 Qd1+ 25. Rg1 Qf3+ 26. Rg2 1/2-1/2

[Event "*** Titled Tuesday Blitz"]
[Site "Chess.com"]
[Date "2021.04.06"]
[Round "11"]
[White "Trickov"]
[Black "catzapto"]
[Result "1-0"]
[WhiteElo "2395"]
[BlackElo "2103"]
[TimeControl "180+1"]
[EndTime "12:05:39 PDT"]
[Termination "Trickov won on time"]

1. d4 Nf6 2. Nf3 e6 3. g3 d5 4. Bg2 c5 5. O-O Nc6 6. c4 cxd4 7. Nxd4 Bc5 8. Nb3 Bb6 9. cxd5 Nxd5 10. e4 Nf6 11. Nc3 Qxd1 12. Rxd1 O-O 13. h3 h6 14. Na4 Bc7 15. Be3 e5 16. Rac1 Be6 17. Nac5 Bxb3 18. axb3 Bb6 19. Nxb7 Bxe3 20. fxe3 Rab8 21. Nc5 Rb5 22. Bf1 Rbb8 23. Bc4 Nb4 24. Nd7 Nxd7 25.
Rxd7 a5 26. Rf1 Nc2 27. Rfxf7 1-0

[Event "*** Titled Tuesday Blitz"]
[Site "Chess.com"]
[Date "2021.04.06"]
[Round "11"]
[White "shreyansshah123"]
[Black "elvidirris"]
[Result "0-1"]
[WhiteElo "1645"]
[BlackElo "1995"]
[TimeControl "180+1"]
[EndTime "12:05:39 PDT"]
[Termination "elvidirris won by resignation"]

1. e4 e5 2. Nf3 Nc6 3. Bb5 a6 4. Ba4 Nf6 5. O-O Be7 6. Re1 b5 7. Bb3 O-O 8. c3 d5 9. exd5 Nxd5 10. d4 exd4 11. Nxd4 Nxd4 12. Qxd4 Be6 13. Nd2 Bf6 14.
Qe4 Re8 15. Qc2 c5 16. Qb1 c4 17. Bc2 g6 18. Nf3 Qc7 19. Be4 Rad8 20. Be3 Bg4 21.
h3 Bxf3 22. Bxf3 Nxe3 23. Rxe3 Rxe3 24. fxe3 Rd2 25. Qc1 Rd3 26. Be2 Rd8 27. Qc2 Qg3 28.
Qe4 Bg5 29. Bf3 Rd3 30. Rf1 Bxe3+ 31. Kh1 Bf4 32. Kg1 Qh2+ 33. Kf2 Rd2+ 34. Ke1 Qg3+ 0-1

[Event "*** Titled Tuesday Blitz"]
[Site "Chess.com"]
[Date "2021.04.06"]
[Round "11"]
[White "BigAl"]
[Black "pastouche06"]
[Result "0-1"]
[WhiteElo "2500"]
[BlackElo "2615"]
[TimeControl "180+1"]
[EndTime "12:05:41 PDT"]
[Termination "pastouche06 won by resignation"]

1. Nf3 d5 2. g3 Nf6 3. Bg2 c5 4. O-O Nc6 5. d3 e6 6. Nbd2 g6 7. e4 Bg7 8. exd5 Nxd5 9. Nb3 b6 10. d4 cxd4 11. Nfxd4 Nxd4 12. Nxd4 O-O 13. c4 Ba6 14. cxd5 Bxf1 15. Kxf1 exd5 16. Nc6 Qf6 17. Qxd5 Rae8 18. Rb1 Re6 19. Be3 Rxe3 20. Nxa7 Rd8 21. Qc6 Qf5 22. Rc1 Re7 23. Qxb6 Rde8 24. Bc6 Qd3+ 25. Kg2 Bd4 26. Qb5 Qd2 27. Bxe8 Qxc1 28. Nc8 Qxc8 0-1

[Event "*** Titled Tuesday Blitz"]
[Site "Chess.com"]
[Date "2021.04.06"]
[Round "11"]
[White "dosto07"]
[Black "andrewtnb"]
[Result "1-0"]
[WhiteElo "2270"]
[BlackElo "2347"]
[TimeControl "180+1"]
[EndTime "12:05:44 PDT"]
[Termination "dosto07 won on time"]

1. d4 e6 2. e4 d5 3. Nd2 dxe4 4.
Nxe4 Nd7 5. Nf3 Ngf6 6. Bd3 c5 7. Nxf6+ Nxf6 8. Be3 Nd5 9. O-O Be7 10. Bb5+ Bd7 11. Bxd7+ Qxd7 12. Ne5 Qc7 13. c4 Nf6 14. Qa4+ Kf8 15. Rfd1 cxd4 16. Bxd4 Bd6 17. Nf3 Ke7 18. c5 Bf4 19. c6 Qxc6 20. Bxf6+ gxf6 21. Qxf4 1-0

[Event "*** Titled Tuesday Blitz"]
[Site "Chess.com"]
[Date "2021.04.06"]
[Round "11"]
[White "Alexander_Moskalenko"]
[Black "Sychev_Klementy"]
[Result "0-1"]
[WhiteElo "2766"]
[BlackElo "2892"]
[TimeControl "180+1"]
[EndTime "12:05:46 PDT"]
[Termination "Sychev_Klementy won by resignation"]

1. d4 Nf6 2. Nf3 d5 3. c4 dxc4 4. g3 b5 5. Bg2 Bb7 6. O-O e6 7. a4 a6 8. axb5 axb5 9. Rxa8 Bxa8 10. b3 cxb3 11. Qxb3 b4 12. Bd2 Bd5 13. Qa4+ Qd7 14. Qa5 Nc6 15. Qa8+ Nd8 16. Qb8 Bd6 17. Ne5 Qa4 18.
Bxd5 exd5 19. Nd3 O-O 20. Bxb4 Nc6 21. Nc3 Rxb8 0-1

[Event "*** Titled Tuesday Blitz"]
[Site "Chess.com"]
[Date "2021.04.06"]
[Round "11"]
[White "GMHess"]
[Black "suyu28"]
[Result "1-0"]
[WhiteElo "2757"]
[BlackElo "2624"]
[TimeControl "180+1"]
[EndTime "12:05:47 PDT"]
[Termination "GMHess won by resignation"]

1. b3 d5 2. Bb2 c6 3. h3 Nf6 4. d3 g6 5. Nd2 Bg7 6. g4 O-O 7. Bg2 c5 8. e3 Nc6 9. Ne2 e5 10. Ng3 d4 11. Bxc6 bxc6 12. Qe2 Nd5 13. Nc4 Ba6 14. O-O Qe7 15. Kh2 Rae8 16. Qf3 Bc8 17. Ba3 f5 18. gxf5 gxf5 19. Nh5 Bh6 20.
exd4 exd4 21. Rae1 Qc7+ 22. Qg3+ Qxg3+ 23. fxg3 Nb4 24. Rxe8 Rxe8 25. Nf6+ Kf7 26. Nxe8 Kxe8 27. Bxb4 cxb4 28. Nd6+ 1-0

[Event "*** Titled Tuesday Blitz"]
[Site "Chess.com"]
[Date "2021.04.06"]
[Round "11"]
[White "TheMagicMaik"]
[Black "Omk124"]
[Result "0-1"]
[WhiteElo "2420"]
[BlackElo "2576"]
[TimeControl "180+1"]
[EndTime "12:05:49 PDT"]
[Termination "Omk124 won by resignation"]

1. e4 c5 2. c3 d5 3. exd5 Qxd5 4. d4 Nf6 5. Nf3 e6 6. Be2 Nc6 7. O-O cxd4 8. cxd4 Bb4 9. Nc3 Bxc3 10. bxc3 O-O 11.
a4 b6 12. Nd2 Bb7 13. Bf3 Qd7 14. Nc4 Rfd8 15. Bg5 Nd5 16. Qd3 Ba6 17. Be2 Na5 18. Bxd8 Bxc4 19. Qc2 Rxd8 20. Rfe1 Bxe2 21. Rxe2 Rc8 22.
Re4 Rxc3 23. Qe2 Nb3 24. Rd1 Qxa4 25. Rh4 g6 26. Qe5 Nc5 27. Qb8+ Kg7 28. Rf1 Nd7 29. Qd6 N5f6 30. Qe5 Nxe5 31. dxe5 Qxh4 32. exf6+ Kxf6 0-1

[Event "*** Titled Tuesday Blitz"]
[Site "Chess.com"]
[Date "2021.04.06"]
[Round "11"]
[White "joejan"]
[Black "MusicCityMaster"]
[Result "0-1"]
[WhiteElo "2273"]
[BlackElo "2396"]
[TimeControl "180+1"]
[EndTime "12:05:49 PDT"]
[Termination "MusicCityMaster won by resignation"]

1. e4 c5 2. Nc3 d6 3. f4 g6 4. Nf3 Bg7 5. Bc4 Nc6 6. O-O Nd4 7. d3 e6 8. Nxd4 cxd4 9. Ne2 Ne7 10. Bb3 a5 11. Ng3 a4 12. Bc4 O-O 13. f5 exf5 14. exf5 Nxf5 15. Nxf5 Bxf5 16. Rxf5 gxf5 17. Bd5 Qh4 18. Bd2 Rae8 19. Qf3 Qg4 20. Bxb7 Re2 21.
Rd1 Rxg2+ 22. Kh1 Qxf3 23. Bxf3 Rf2 24. Bc6 Be5 25. Bxa4 Rxh2+ 26. Kg1 Kh8 27. Be1 Rg8+ 28. Kf1 Rgg2 29. Bc6 Rxc2 30. Bd5 Bf4 31. a4 Be3 32. a5 Rc5 33. a6 Rxd5 34. a7 Rh1+ 35.
Kg2 Rg1+ 36. Kf3 Rg8 0-1

[Event "*** Titled Tuesday Blitz"]
[Site "Chess.com"]
[Date "2021.04.06"]
[Round "11"]
[White "Aradhya2000"]
[Black "Marianov_Podstavnikov"]
[Result "1-0"]
[WhiteElo "2607"]
[BlackElo "2405"]
[TimeControl "180+1"]
[EndTime "12:05:50 PDT"]
[Termination "Aradhya2000 won by resignation"]

1. d4 Nf6 2. Nf3 d5 3. c4 e6 4. Nc3 dxc4 5. e3 a6 6. a4 c5 7.
Bxc4 Nc6 8. O-O Be7 9. Qe2 cxd4 10. Rd1 e5 11. exd4 exd4 12. Nxd4 Nxd4 13. Qe3 O-O 14. Qxd4 Qxd4 15. Rxd4 Bc5 16. Rd1 Be6 17. Bxe6 fxe6 18.
Be3 Bxe3 19. fxe3 Ng4 20. Rd6 Rad8 21. Rxd8 Rxd8 22. Rd1 Rxd1+ 23. Nxd1 Ne5 24. Kf2 Kf7 25. Ke2 Ke7 26. Kd2 Kd6 27. b3 Kc5 28. Kc3 a5 29.
Nf2 Kd5 30. e4+ Kc5 31. Nh3 Ng4 32. Nf4 Nxh2 33. Nxe6+ Kd6 34. Nxg7 Ke5 35. Kc4 Kxe4 36.
Kb5 Ke5 37. Kxa5 Kf6 38. Nh5+ Kg5 39. Ng3 h5 40. Kb6 h4 41. Ne2 Ng4 42. a5 Ne3 43. Kxb7 Nxg2 44. a6 h3 45. a7 h2 46. Ng3 Kg4 47.
Nh1 1-0

[Event "*** Titled Tuesday Blitz"]
[Site "Chess.com"]
[Date "2021.04.06"]
[Round "11"]
[White "Leo_C"]
[Black "HanSchut"]
[Result "1-0"]
[WhiteElo "2380"]
[BlackElo "2267"]
[TimeControl "180+1"]
[EndTime "12:05:53 PDT"]
[Termination "Leo_C won on time"]

1. d4 Nf6 2. c4 g6 3. Nc3 d5 4. Nf3 Bg7 5. Qb3 dxc4 6. Qxc4 O-O 7. e4 a6 8. Be2 b5 9. Qb3 c5 10. dxc5 Bb7 11. e5 Nfd7 12. e6 fxe6 13. Qxe6+ Kh8 14. Be3 b4 15. Nd5 Qa5 16. O-O Nxc5 17. Qxe7 Nbd7 18. Nf4 Rae8 19. Qh4 Be4 20. Ng5 h5 21. Nxh5 Kg8 22. Bc4+ 1-0

[Event "*** Titled Tuesday Blitz"]
[Site "Chess.com"]
[Date "2021.04.06"]
[Round "11"]
[White "chessdiamant"]
[Black "NiranjanNavalgund"]
[Result "0-1"]
[WhiteElo "2378"]
[BlackElo "2504"]
[TimeControl "180+1"]
[EndTime "12:05:57 PDT"]
[Termination "NiranjanNavalgund won by checkmate"]

1. e4 e5 2. Nf3 d5 3. Nxe5 dxe4 4. Nc3 Nf6 5. Bc4 Bc5 6. O-O O-O 7. d4 Bxd4 8. Bf4 Nc6 9. Nxc6 bxc6 10. Qe2 Bf5 11.
Rad1 c5 12. Nb5 Qe7 13. Nxd4 cxd4 14. Rxd4 Qc5 15. Be3 Qe5 16. h3 Kh8 17. c3 Rg8 18. Rd2 g5 19. Bd4 Qe7 20. f3 e3 21. Qxe3 Qxe3+ 22. Bxe3 Kg7 23. Bxg5 Kg6 24. Bxf6 Kxf6 25.
Kh2 h5 26. g4 Be6 27. Bxe6 fxe6 28. Re2 Rae8 29. Rfe1 Rg5 30. f4 Ra5 31. a3 Rb5 32. b4 a5 33. c4 Rb6 34. b5 Rd6 35. a4 Rd4 36. Re4 Rd3 37. f5 e5 38. R1e3 Rd1 39.
Kg3 h4+ 40. Kxh4 Rg1 41. g5+ Kxf5 42. Rg4 Rh8# 0-1

[Event "*** Titled Tuesday Blitz"]
[Site "Chess.com"]
[Date "2021.04.06"]
[Round "11"]
[White "gmgamil"]
[Black "Jospem"]
[Result "1-0"]
[WhiteElo "2836"]
[BlackElo "2902"]
[TimeControl "180+1"]
[EndTime "12:06:07 PDT"]
[Termination "gmgamil won by checkmate"]

1. d4 Nf6 2. Nc3 d5 3. Bg5 Nbd7 4. f3 h6 5. Bh4 c5 6. e4 e6 7. exd5 exd5 8. Qd2 Be7 9. dxc5 Nxc5 10. O-O-O O-O 11.
Nge2 Be6 12. Nd4 Rc8 13. g4 Nfd7 14. Bf2 a6 15. h4 b5 16. a3 Ne5 17. Kb1 Nc4 18.
Bxc4 bxc4 19. Nf5 Bf6 20. Nxd5 c3 21. Nde7+ Qxe7 22. Nxe7+ Bxe7 23. Qxc3 Na4 24. Qa5 Rc4 25. Rd4 Rfc8 26. Rxc4 Rxc4 27. g5 hxg5 28. hxg5 Kf8 29. Rh8# 1-0

[Event "*** Titled Tuesday Blitz"]
[Site "Chess.com"]
[Date "2021.04.06"]
[Round "11"]
[White "zmeeed67"]
[Black "eljanov"]
[Result "0-1"]
[WhiteElo "2477"]
[BlackElo "2865"]
[TimeControl "180+1"]
[EndTime "12:06:07 PDT"]
[Termination "eljanov won by resignation"]

1. d4 Nf6 2. c4 e6 3. Nc3 Bb4 4. f3 c5 5. d5 O-O 6. e4 d6 7. Ne2 b5 8. Ng3 Re8 9. Bd2 Bxc3 10. Bxc3 b4 11. Bd2 exd5 12. cxd5 Nxd5 13. Be2 Ne7 14.
O-O Ba6 15. Bg5 Bxe2 16. Qxe2 f6 17. Be3 Nbc6 18. Rad1 Qc7 19. h4 Rad8 20. Qf2 Ne5 21. h5 h6 22. Qe2 a5 23. f4 Nf7 24. Qg4 Qc8 25. Qh4 Qe6 26. Rde1 a4 27. f5 Qxa2 28.
Qg4 Ne5 29. Ne2 0-1

[Event "*** Titled Tuesday Blitz"]
[Site "Chess.com"]
[Date "2021.04.06"]
[Round "11"]
[White "731291"]
[Black "kleopl"]
[Result "1-0"]
[WhiteElo "2668"]
[BlackElo "2549"]
[TimeControl "180+1"]
[EndTime "12:06:10 PDT"]
[Termination "731291 won by resignation"]

1. e4 c6 2. Nc3 d5 3. Nf3 a6 4. g3 Bg4 5. h3 Bxf3 6. Qxf3 e6 7. Bg2 Nf6 8. O-O Bc5 9. exd5 cxd5 10. Ne2 Nc6 11. g4 O-O 12. c3 d4 13. d3 dxc3 14.
bxc3 Ne5 15. Qg3 Bd6 16. Bf4 Qc7 17. Rab1 Rab8 18. c4 Nfd7 19. Rfc1 f6 20. c5 Nxc5 21. d4 b6 22. dxe5 fxe5 23. Be3 Qe7 24. Rd1 Rfd8 25. Nc3 e4 26. Rxd6 Qxd6 27. Bf4 Qd3 28. Bxb8 1-0

[Event "*** Titled Tuesday Blitz"]
[Site "Chess.com"]
[Date "2021.04.06"]
[Round "11"]
[White "NTBT_DHS"]
[Black "eldur16"]
[Result "1-0"]
[WhiteElo "2734"]
[BlackElo "2597"]
[TimeControl "180+1"]
[EndTime "12:06:12 PDT"]
[Termination "NTBT_DHS won by resignation"]

1. e4 Nf6 2. e5 Nd5 3. Nf3 d6 4.
Nc3 Nxc3 5. dxc3 Nc6 6. Bb5 e6 7. O-O Be7 8. Bf4 O-O 9. Re1 dxe5 10. Nxe5 Nxe5 11. Bxe5 c6 12. Bd3 Bf6 13. Qf3 Bxe5 14. Rxe5 Qf6 15. Qe4 g6 16. Re1 Bd7 17. Re3 Rfd8 18.
h4 Be8 19. h5 Rd5 20. f4 Rad8 21. hxg6 hxg6 22. Rf3 c5 23. c4 Rd4 24. Qe3 b6 25. f5 gxf5 26. Bxf5 Rd1+ 27. Kh2 Bc6 28. Rg3+ Kf8 29. Bxe6 R8d4 30. Reg5 Rh4+ 31. Bh3 Rxh3+ 32.
Rxh3 Qd6+ 33. Qg3 Qxg3+ 34. Rhxg3 Rd2 35. Rg8+ Ke7 36. Rc8 Bd7 37. Rc7 Rxc2 38. Rd3 1-0

[Event "*** Titled Tuesday Blitz"]
[Site "Chess.com"]
[Date "2021.04.06"]
[Round "11"]
[White "madamDD"]
[Black "Deepweb2020"]
[Result "0-1"]
[WhiteElo "2373"]
[BlackElo "2512"]
[TimeControl "180+1"]
[EndTime "12:06:12 PDT"]
[Termination "Deepweb2020 won by resignation"]

1. e4 c6 2. d4 d5 3. e5 c5 4.
dxc5 e6 5. Nf3 Bxc5 6. a3 Ne7 7. Bd3 Nbc6 8. b4 Bb6 9. O-O O-O 10.
Bxh7+ Kxh7 11. Ng5+ Kg6 12. Qg4 Nxe5 13. Qg3 Nf5 14.
Qxe5 f6 15. Qe2 fxg5 16. Bb2 Bd7 17. Nd2 Bc7 18. Rae1 Qe7 19. Qd3 Kf7 20. g4 Nh4 21.
Qc3 Bb5 22. Qxg7+ Ke8 23. c4 Qxg7 24. Bxg7 Rg8 25. cxb5 Rxg7 26. Nb3 Nf3+ 0-1

[Event "*** Titled Tuesday Blitz"]
[Site "Chess.com"]
[Date "2021.04.06"]
[Round "11"]
[White "DKmirl"]
[Black "Jbd735"]
[Result "0-1"]
[WhiteElo "1923"]
[BlackElo "2462"]
[TimeControl "180+1"]
[EndTime "12:06:12 PDT"]
[Termination "Jbd735 won by checkmate"]

1. d4 d5 2. c4 c6 3. Nf3 e6 4.
g3 Nf6 5. Bg2 dxc4 6. O-O b5 7.
a4 Bb7 8. Ne5 Nd5 9. e4 Nb4 10.
Nc3 a6 11. Re1 Nd7 12. Nxd7 Qxd7 13. d5 Be7 14. dxc6 Qxc6 15. axb5 axb5 16. Rxa8+ Bxa8 17. Qg4 Bf6 18. h4 O-O 19. h5 Nd3 20. Rd1 b4 21.
Ne2 Nxc1 22. Rxc1 Bxb2 23. Rb1 c3 24. h6 g6 25. e5 Qxg2# 0-1

[Event "*** Titled Tuesday Blitz"]
[Site "Chess.com"]
[Date "2021.04.06"]
[Round "11"]
[White "Oglob71"]
[Black "NishaOnYoutube"]
[Result "1-0"]
[WhiteElo "2381"]
[BlackElo "2266"]
[TimeControl "180+1"]
[EndTime "12:06:14 PDT"]
[Termination "Oglob71 won on time"]

1. d4 f5 2. g3 g6 3. Bg2 Bg7 4. c3 d5 5. Qb3 c6 6. Nh3 Nh6 7. Nd2 Nd7 8. Nf3 Nf7 9. Nf4 Nf6 10. Nd3 Ne4 11. Bf4 g5 12. Be3 g4 13. Nh4 Bf6 14.
f3 Bxh4 15. fxe4 fxe4 16. gxh4 exd3 17. exd3 e5 18. O-O-O Qxh4 19. dxe5 Nxe5 20. Bd4 O-O 21. Bxe5 Qg5+ 22. Kb1 Qxe5 23. d4 Bf5+ 24. Ka1 Qc7 25.
Rhe1 Rae8 26. Bxd5+ cxd5 27. Rxe8 Rxe8 28. Qxd5+ Be6 29.
Qg5+ Qg7 30. Qh5 Qg6 31. Qb5 Re7 32. Re1 Qf6 33. Qc5 b6 34. Qd6 Kf7 35. d5 Bf5 36.
Qg3 Rxe1+ 37. Qxe1 Qd6 38. Qd2 Be4 39. c4 b5 40. Qf2+ Ke7 41. Qh4+ Kd7 42. Qxg4+ 1-0

[Event "*** Titled Tuesday Blitz"]
[Site "Chess.com"]
[Date "2021.04.06"]
[Round "11"]
[White "Eloist"]
[Black "elohunter1999"]
[Result "1-0"]
[WhiteElo "2391"]
[BlackElo "2529"]
[TimeControl "180+1"]
[EndTime "12:06:15 PDT"]
[Termination "Eloist won by resignation"]

1. e4 c6 2. Nf3 d5 3. Nc3 dxe4 4. Nxe4 Nf6 5. Qe2 Nxe4 6. Qxe4 Nd7 7. Bc4 Nf6 8. Ne5 e6 9. Qe2 b5 10. Bb3 Bd6 11. a4 Qc7 12. d4 a6 13. O-O O-O 14. Re1 Bb7 15. Bg5 Nd5 16. Bd2 c5 17. dxc5 Bxc5 18. axb5 axb5 19. Rxa8 Rxa8 20. Qxb5 Bd4 21. Nd3 Ba6 22. Qa4 Qb6 23. Ba5 Qa7 24. Bxd5 Bxd3 25.
Bxa8 Bxf2+ 26. Kh1 Qxa8 27. Rd1 Bb6 28. Rxd3 Bxa5 29.
b4 h5 30. Qxa5 1-0

[Event "*** Titled Tuesday Blitz"]
[Site "Chess.com"]
[Date "2021.04.06"]
[Round "11"]
[White "retropwr"]
[Black "bushrashuaibi"]
[Result "1-0"]
[WhiteElo "2388"]
[BlackElo "2182"]
[TimeControl "180+1"]
[EndTime "12:06:15 PDT"]
[Termination "retropwr won by resignation"]

1. e4 c5 2. Nf3 Nc6 3. d4 cxd4 4. Nxd4 Nf6 5. Nc3 e5 6. Ndb5 d6 7. Be3 a6 8. Na3 b5 9. Nd5 Rb8 10. f3 Be6 11. c4 Bxd5 12. cxd5 Ne7 13. Nc2 g6 14.
Be2 Bg7 15. O-O O-O 16. Qd2 a5 17. b4 a4 18. Na3 Qe8 19. Rac1 Nh5 20. Rc7 Nf4 21.
Rfc1 f5 22. Bxb5 Rxb5 23. Rxe7 Qxe7 24. Nxb5 Rb8 25. Na7 Rf8 26. Nc6 Qg5 27. Bxf4 exf4 28.
Qd3 fxe4 29. Qxe4 Be5 30. Nxe5 Qxe5 31. Qxe5 dxe5 32. Re1 Rb8 33. a3 Re8 34. Re4 Kf7 35. b5 Kf6 36. Rxa4 Rb8 37. Rb4 Rb6 38. a4 Ke7 39. a5 Rb7 40. b6 Kd6 41. a6 Re7 42. b7 Kxd5 43. b8=Q 1-0

[Event "*** Titled Tuesday Blitz"]
[Site "Chess.com"]
[Date "2021.04.06"]
[Round "11"]
[White "dmjjmd"]
[Black "Volodar_Murzin"]
[Result "0-1"]
[WhiteElo "2285"]
[BlackElo "2718"]
[TimeControl "180+1"]
[EndTime "12:06:18 PDT"]
[Termination "Volodar_Murzin won on time"]

1. e4 c6 2. d4 d5 3. e5 Bf5 4. h4 h5 5. Bg5 Qb6 6. Bd3 Qxd4 7. Nf3 Qg4 8. Bxf5 Qxf5 9. O-O e6 10.
c4 Nd7 11. Nc3 Bc5 12. Rc1 Nh6 13. b4 Bb6 14. cxd5 exd5 15. b5 Ng4 16. bxc6 bxc6 17.
Na4 O-O 18. Rxc6 Ndxe5 19. Nxb6 Nxc6 20. Nxa8 Rxa8 21. Re1 Rc8 22. Qa4 Nce5 23. Qa3 d4 24.
Qb2 Nxf3+ 25. gxf3 Ne5 0-1

[Event "*** Titled Tuesday Blitz"]
[Site "Chess.com"]
[Date "2021.04.06"]
[Round "11"]
[White "Beca95"]
[Black "GMSrinath"]
[Result "0-1"]
[WhiteElo "2919"]
[BlackElo "2848"]
[TimeControl "180+1"]
[EndTime "12:06:21 PDT"]
[Termination "GMSrinath won by resignation"]

1. d4 Nf6 2. c4 e6 3. Nc3 Bb4 4. Qc2 d5 5. cxd5 exd5 6. Bg5 h6 7. Bh4 O-O 8. e3 g5 9. Bg3 c5 10. dxc5 Nc6 11. O-O-O Qa5 12. Nge2 Bxc5 13. a3 Be6 14. h4 Rac8 15. hxg5 hxg5 16. Kb1 Kg7 17. f4 g4 18. f5 Bd7 19. Nd4 Nxd4 20. exd4 Bxa3 21. Bd3 Bxb2 22. Kxb2 Rc6 23. Bb5 Rb6 24. Qd2 Rxb5+ 25. Kc2 Bxf5+ 26. Qd3 Bxd3+ 27. Rxd3 Rc8 28. Be5 Qa2+ 29.
Kd1 Rxc3 0-1

[Event "*** Titled Tuesday Blitz"]
[Site "Chess.com"]
[Date "2021.04.06"]
[Round "11"]
[White "GM_LOADING"]
[Black "Loy_Konstantin"]
[Result "1-0"]
[WhiteElo "2543"]
[BlackElo "2366"]
[TimeControl "180+1"]
[EndTime "12:06:21 PDT"]
[Termination "GM_LOADING won on time"]

1. e4 c5 2. Nf3 d6 3. d4 cxd4 4.
Nxd4 Nf6 5. Nc3 g6 6. Be3 Bg7 7.
Be2 O-O 8. O-O Nc6 9. Qd2 d5 10. exd5 Nxd5 11. Nxd5 Nxd4 12. Bxd4 Qxd5 13. Rfd1 Rd8 14.
c3 Bxd4 15. cxd4 Bf5 16. Bf3 Qb5 17. Rac1 Rac8 18. d5 Qb6 19. g3 Rxc1 20. Rxc1 Rc8 21. Rxc8+ Bxc8 22. Qc3 Bd7 23. Kg2 h5 24. h4 Qd6 25. b4 b6 26. a3 Qb8 27. Be4 Qc8 28.
Qe5 Qd8 29. f4 Bg4 30. f5 gxf5 31. Bxf5 Qd6 32. Qxd6 exd6 33. Bxg4 hxg4 34. Kf2 Kg7 35. Ke3 f5 36. Kf4 Kg6 37. b5 Kf6 38. h5 1-0

[Event "*** Titled Tuesday Blitz"]
[Site "Chess.com"]
[Date "2021.04.06"]
[Round "11"]
[White "Fighter008"]
[Black "shimastream"]
[Result "1/2-1/2"]
[WhiteElo "2650"]
[BlackElo "2934"]
[TimeControl "180+1"]
[EndTime "12:06:22 PDT"]
[Termination "Game drawn by repetition"]

1. e4 d5 2. exd5 Qxd5 3. Nc3 Qd6 4. d4 Nf6 5. Bd3 Nc6 6. Nge2 Nb4 7. Bf4 Qd8 8. a3 Nxd3+ 9. Qxd3 c6 10. O-O-O g6 11. Be5 Bg7 12. f3 h5 13. Kb1 Bf5 14. Ne4 O-O 15.
N2g3 Bc8 16. f4 h4 17. Bxf6 exf6 18. Ne2 Re8 19. N2c3 Bf5 20. Qf3 Qd7 21. h3 Rad8 22.
Rhe1 b6 23. Qf2 Bxe4 24. Nxe4 Qd5 25. Nc3 Qh5 26. Rxe8+ Rxe8 27. d5 cxd5 28. Rxd5 f5 29. Qd2 Qh8 30. Rd8 Kh7 31. Rd3 Rc8 32. Qf2 Bxc3 33.
Qxh4+ Kg8 34. Rd8+ Rxd8 35. Qxd8+ Kh7 36. Qh4+ Kg8 37.
Qd8+ Kh7 38. Qh4+ Kg8 39. Qd8+ 1/2-1/2